[Event "44th Chess Olympiad Open 2022"]
[Site "Chennai"]
[Date "2022.08.08"]
[Round "10.57"]
[White "Ramos Espinoza, Efren Andres"]
[Black "Uapingene, Uatiavi Jossy"]
[Result "1-0"]
[WhiteElo "2158"]
[BlackElo "1798"]
[Annotator "NA RC"]
[PlyCount "101"]
[EventDate "2022.??.??"]
[TimeControl "60"]

1. d4 Nf6 2. Nf3 e6 3. c4 Bb4+ 4. Bd2 Qe7 5. a3 Bxd2+ 6.
Qxd2 Ne4 7. Qd3 f5 8. Nc3 Nxc3 9. bxc3 O-O 10. e4 b6 11. Qc2 Nc6 12. Bd3 Ba6 13. O-O Qf6 14. exf5 exf5 15. Qa4 Bb7 16. Rfe1 d6 17. Bf1 Rad8 18. c5 Na5 19. Bc4+ Nxc4 20. Qxc4+ d5 21. Qa4 Qc6 22. Qxc6 Bxc6 23. Re7 Rc8 24. Ne5 Rf6 25. Re1 bxc5 26. dxc5 Kf8 27. Nd7+ Bxd7 28. Rxd7 Ra6 29. Rxd5 g6 30. Rd7 Rxa3 31. h4 Rxc3 32. Rxh7 Kg8 33. Ree7 Rxc5 34. Reg7+ Kf8 35. Rxg6 Rb8 36.
Ra6 Rb7 37. h5 Kg8 38. Rd7 f4 39. Rg6+ Kf8 40. Rh6 Ke8 41. Rg7 Kf8 42. Rg4 Rf5 43. Kf1 a5 44. Rh8+ Kf7 45. h6 Rb1+ 46. Ke2 f3+ 47. gxf3 Rb2+ 48. Ke3 Rb3+ 49. Ke4 Rbxf3 50. h7 Rxf2 51. Rc8 1-0

[Event "44th Chess Olympiad Open 2022"]
[Site "Chennai"]
[Date "2022.08.08"]
[Round "10.57"]
[White "Eichab, Charles"]
[Black "Tapia Ostolaza, Alexei"]
[Result "1-0"]
[WhiteElo "2048"]
[BlackElo "2201"]
[Annotator "RC"]
[PlyCount "99"]
[EventDate "2022.??.??"]
[TimeControl "60"]

1. c4 Nf6 2. Nc3 c5 3. Nf3 Nc6 4. d4 cxd4 5. Nxd4 g6 6. g3 Bg7 7. Bg2 O-O 8. O-O a6 9. e3 Rb8 10. b3 Nxd4 11. exd4 d6 12. a4 Bg4 13. Qd2 Qd7 14. Re1 Rfe8 15. d5 Bh3 16. Bh1 Qf5 17. Bb2 Nd7 18.
Ne4 Bxb2 19. Qxb2 Ne5 20. Qc3 Bg4 21. f4 Nd7 22. Re3 Nf6 23.
Rae1 Nxe4 24. Rxe4 Qd7 25. Qe3 Kf8 26. Qd4 Kg8 27. Qe3 Kf8 28.
f5 gxf5 29. Qh6+ Kg8 30. Qg5+ Kf8 31. Qh6+ Kg8 32. R4e3 Kh8 33. Bg2 f6 34. h3 f4 35. Qxf4 Bf5 36. g4 Bg6 37. Bf3 b5 38.
Kh2 bxa4 39. bxa4 Rb4 40. g5 fxg5 41. Qd4+ Kg8 42. Bg4 Bf5 43. Bh5 Rb7 44. Bxe8 Qxe8 45. c5 dxc5 46. Qe5 Qd7 47. Rf1 Bg6 48. Ref3 Qd8 49. d6 exd6 50. Qd5+ 1-0

[Event "44th Chess Olympiad Open 2022"]
[Site "Chennai"]
[Date "2022.08.08"]
[Round "10.57"]
[White "Khoa, Goodwill"]
[Black "Delgado Rosas, Alex Antonio"]
[Result "0-1"]
[WhiteElo "1850"]
[BlackElo "2149"]
[Annotator "NA RC"]
[PlyCount "112"]
[EventDate "2022.??.??"]
[TimeControl "60"]

1. d4 Nf6 2. c4 c5 3. d5 b5 4. cxb5 a6 5. e3 axb5 6. Bxb5 g6 7. Nc3 Bg7 8.
Nge2 O-O 9. O-O Bb7 10. e4 d6 11. Ng3 Qb6 12. Qb3 Na6 13.
Bc4 Nd7 14. Bg5 f6 15. Be3 Qxb3 16. Bxb3 Nc7 17. f4 Ba6 18. Rf2 Rab8 19. f5 Ne5 20. Rd2 Ng4 21. Nd1 Nxe3 22. Nxe3 Bh6 23. Kf2 Rb4 24. Bd1 Rfb8 25. b3 R4b7 26. Be2 Ra7 27. Bxa6 Rxa6 28. Rb2 Nb5 29. Nc4 Nd4 30. fxg6 hxg6 31. Ne2 Nxe2 32. Kxe2 f5 33. Rf1 fxe4 34. Rc2 e6 35. Rf6 exd5 36. Rxg6+ Kh7 37. Rxd6 Rxd6 38. Nxd6 Rb6 39. Nf5 Bf8 40. Ke3 Re6 41. g4 d4+ 42. Kd2 Ra6 43. h4 Kg6 44. Kd1 Kf6 45.
Rh2 e3 46. a4 Ke5 47. h5 c4 48. Re2 Ke4 49. Rh2 cxb3 50. h6 Rxa4 51. Ng3+ Kd3 52. Ne2 b2 53. Nc1+ bxc1=Q+ 54. Kxc1 Rc4+ 55.
Kb2 e2 56. Rh1 Bxh6 0-1

[Event "44th Chess Olympiad Open 2022"]
[Site "Chennai"]
[Date "2022.08.08"]
[Round "10.58"]
[White "Abdulwahhab, Ahmed Abdulsattar A"]
[Black "Attalib, Osama A."]
[Result "0-1"]
[WhiteElo "2251"]
[BlackElo "2033"]
[Annotator "RC"]
[PlyCount "116"]
[EventDate "2022.??.??"]
[TimeControl "60"]

1. e4 e5 2. Nf3 Nc6 3. Bc4 Nf6 4. d3 Bc5 5. c3 d6 6. O-O a6 7. Bb3 O-O 8. Re1 Ba7 9. Nbd2 Ng4 10. Re2 Kh8 11. h3 Nh6 12. Nf1 f5 13.
Bg5 Qe8 14. Bxh6 gxh6 15. d4 fxe4 16. Rxe4 Bf5 17. Re1 Qd8 18. dxe5 Nxe5 19. Nxe5 dxe5 20. Qxd8 Raxd8 21. Rxe5 Bg6 22. Re2 Rxf2 23. Rxf2 Rf8 24. Ng3 Rxf2 25. Kh2 Bc5 26. h4 Bd6 27. Kh3 h5 28. Bd5 Rxb2 29. Rf1 Rd2 30. Bxb7 Rxa2 31. Bf3 a5 32. Bxh5 Bxg3 33. Bxg6 Be5 34. Rf5 Re2 35. Bh5 Re3+ 36. Bf3 Kg7 37. Kg4 a4 38. Bd5 Rg3+ 39. Kh5 Bf6 40. Rf4 Rxc3 41. g4 Rc5 42. Rf5 c6 43. g5 Rxd5 44. Rxf6 Ra5 45. Rxc6 a3 46. Rc7+ Kg8 47. Rc8+ Kg7 48. Rc7+ Kf8 49. Rc8+ Ke7 50. Rc7+ Ke6 51. Rc1 a2 52. Kh6 a1=Q 53. Rxa1 Rxa1 54. Kxh7 Rh1 55. g6 Rxh4+ 56. Kg8 Kf6 57. g7 Rg4 58. Kh8 Kf7 0-1

[Event "44th Chess Olympiad Open 2022"]
[Site "Chennai"]
[Date "2022.08.08"]
[Round "10.58"]
[White "Alhassadi, Yousef A."]
[Black "Ahmed, Ali Layth Ahmed"]
[Result "1/2-1/2"]
[WhiteElo "2068"]
[BlackElo "2249"]
[Annotator "RC"]
[PlyCount "207"]
[EventDate "2022.??.??"]
[TimeControl "60"]

1. e4 c6 2. Nf3 d5 3. Nc3 dxe4 4. Nxe4 Nf6 5. Qe2 Na6 6. Nxf6+ gxf6 7. g3 Bf5 8. d3 Qd7 9. h3 Bg7 10. Bg2 Nc7 11. Nh4 Be6 12. Bd2 Rd8 13.
Qh5 Bd5 14. O-O Bxg2 15. Nxg2 Ne6 16. Ne3 Bf8 17. h4 Qd4 18. Bc3 Qc5 19. Qxc5 Nxc5 20. a4 Rg8 21. Rfe1 Kd7 22. Kg2 Kc8 23. Re2 Nd7 24. Nc4 e6 25. Kf3 f5 26. Ne5 Nxe5+ 27. Bxe5 Be7 28. Bc3 Rg4 29. b3 h5 30. Bd2 Bd6 31. Bg5 Rg8 32. Rae1 Kd7 33.
Rh1 Rg6 34. Be3 a6 35. c3 f4 36. gxf4 Rf6 37. Ke4 Rfg6 38. Kf3 Be7 39. Ree1 Bd6 40. Re2 Rf6 41. Ke4 Rh6 42. d4 Be7 43. Ree1 f5+ 44. Kd3 Rxh4 45. Rxh4 Bxh4 46. c4 Be7 47. c5 a5 48. Rg1 h4 49. Ke2 Bf6 50. Kf3 Ke7 51. Kg2 Rh8 52. Kh3 Rd8 53. Rd1 Kf7 54. Rd3 Kg6 55. f3 Kh5 56. Bf2 Kg6 57. Rd1 Kf7 58. Rd2 Be7 59. Re2 Bf6 60. Rd2 e5 61. fxe5 Bxe5 62. Bxh4 Rxd4 63. Rxd4 Bxd4 64. Bd8 Bc3 65. Kg3 Ke6 66. Kh4 Bd2 67. Kh5 Kd5 68. Bb6 Kd4 69. Kg6 f4 70. Kf5 Kd3 71. Bc7 Kc2 72. Bxf4 Bb4 73. Ke6 Bxc5 74. Bc7 Kxb3 75. f4 Kxa4 76. f5 Kb5 77. f6 a4 78. Bd6 Bxd6 79. Kxd6 a3 80. f7 a2 81. f8=Q a1=Q 82. Qf5+ Kb6 83. Qf2+ Ka6 84. Qe2+ Ka5 85. Qd2+ Kb5 86. Qd3+ Kb4 87. Qe4+ Kb3 88. Qe6+ Ka3 89. Qe3+ Kb4 90. Qc5+ Kb3 91. Qb6+ Kc4 92. Qc5+ Kd3 93. Qf5+ Kd2 94. Qf2+ Kd3 95. Qf5+ Ke3 96. Qg5+ Kf3 97. Qf5+ Ke3 98. Qg5+ Ke4 99. Qg4+ Kd3 100. Qf5+ Kd2 101. Qf2+ Kd3 102. Qf5+ Kc4 103. Qc5+ Kb3 104. Qb6+ 1/2-1/2

[Event "44th Chess Olympiad Open 2022"]
[Site "Chennai"]
[Date "2022.08.08"]
[Round "10.58"]
[White "Abugenda, Nagi"]
[Black "Rabeea, Sabah Nori"]
[Result "1-0"]
[WhiteElo "1991"]
[BlackElo "2122"]
[Annotator "NA RC"]
[PlyCount "70"]
[EventDate "2022.??.??"]
[TimeControl "60"]

1. e4 e5 2. Bc4 Nf6 3. d3 d5 4. exd5 Nxd5 5. Nf3 Nc6 6. h3 Bc5 7. O-O O-O 8. c3 Qd6 9. b4 Ndxb4 10. cxb4 Bd4 11. Nxd4 Qxd4 12. Qd2 Rd8 13. Bb2 Qh4 14. Qe3 Rd6 15. f4 e4 16. dxe4 Rg6 17. f5 Rg5 18.
Nd2 Qh6 19. Rae1 Nxb4 20. Nf3 Rh5 21. Qxh6 Rxh6 22. Rd1 Kf8 23. Rd8+ Ke7 24. Rfd1 c5 25. Bxg7 Nc6 26. Rxc8 Rxc8 27. Bxh6 a6 28. e5 b5 29. Bd5 Nb4 30. Bg5+ Ke8 31. e6 fxe6 32. fxe6 c4 33.
e7 Nd3 34. Bb7 Rc5 35. Be4 h6 1-0

[Event "44th Chess Olympiad Open 2022"]
[Site "Chennai"]
[Date "2022.08.08"]
[Round "10.59"]
[White "Blackman, Justin"]
[Black "Miguel, Sergio"]
[Result "1/2-1/2"]
[WhiteElo "2195"]
[BlackElo "2274"]
[Annotator "NA RC"]
[PlyCount "60"]
[EventDate "2022.??.??"]
[TimeControl "60"]

1. e4 e5 2. Nf3 Nc6 3. Bc4 Nf6 4. d3 Bc5 5. O-O d6 6. c3 Bb6 7. Re1 h6 8. Nbd2 O-O 9. h3 Ne7 10. Bb3 c6 11. Nf1 Ng6 12. Be3 Bxe3 13.
Rxe3 Re8 14. Ng3 Be6 15. Bxe6 Rxe6 16. d4 Qc7 17. Qa4 Ree8 18. Rd1 a5 19. dxe5 dxe5 20. Red3 Rad8 21. Qc4 Nd7 22. R3d2 Nb6 23. Qb3 Rxd2 24. Rxd2 Rd8 25. Rxd8+ Qxd8 26. c4 Qc7 27. Nf5 Nf4 28. h4 Ne6 29. g3 Nd7 30. Qc3 h5 1/2-1/2

[Event "44th Chess Olympiad Open 2022"]
[Site "Chennai"]
[Date "2022.08.08"]
[Round "10.59"]
[White "Dias, Vanderson"]
[Black "Edwards, Emar"]
[Result "1-0"]
[WhiteElo "2139"]
[BlackElo "1695"]
[Annotator "NA RC"]
[PlyCount "103"]
[EventDate "2022.??.??"]
[TimeControl "60"]

1. e4 c5 2. Nf3 Nc6 3. d4 cxd4 4. Nxd4 Nf6 5. Nc3 e5 6.
Ndb5 d6 7. Bg5 a6 8. Na3 b5 9. Nd5 Be7 10. Nxe7 Qxe7 11. c4 b4 12. Nc2 O-O 13. Be2 Rd8 14. O-O h6 15. Bxf6 Qxf6 16. Qd2 a5 17. b3 Qg6 18. Rfd1 Bb7 19. Bf3 Ne7 20. Qd3 Rab8 21. Ne3 Qg5 22. g3 h5 23. h4 Qh6 24. Nf5 Nxf5 25. exf5 Bxf3 26. Qxf3 Rbc8 27. Rd5 Rc5 28. Rad1 Rxd5 29. Qxd5 a4 30. Qa5 Qf6 31. Qxa4 Qxf5 32. Qxb4 Qc2 33. Qd2 Qe4 34. Qd3 Qa8 35. Rd2 g6 36. Qd5 Qxd5 37. Rxd5 Ra8 38. a4 Ra6 39. Kf1 Kf8 40. Ke2 Ke7 41. Kd3 Ke6 42. Kc3 Kf5 43. a5 f6 44. b4 g5 45. Kb3 gxh4 46. gxh4 Kg4 47. Ka4 Kxh4 48. b5 Ra8 49. b6 Rb8 50. Kb5 Kg4 51. a6 h4 52. a7 1-0

[Event "44th Chess Olympiad Open 2022"]
[Site "Chennai"]
[Date "2022.08.08"]
[Round "10.59"]
[White "Lutuima, Amaro"]
[Black "Roachford, Adam"]
[Result "1-0"]
[WhiteElo "2048"]
[BlackElo "1443"]
[Annotator "NA RC"]
[PlyCount "68"]
[EventDate "2022.??.??"]
[TimeControl "60"]

1. e4 e5 2. Nf3 Nc6 3. Bc4 Bc5 4. b4 Bxb4 5. c3 Ba5 6. d4 Nf6 7. dxe5 Ng8 8. Qb3 Qe7 9. Ba3 d6 10. exd6 cxd6 11. O-O Bc7 12. e5 Na5 13. Bb5+ Bd7 14. Bxd7+ Qxd7 15. Qb4 O-O-O 16. exd6 Qxd6 17. Qg4+ Qe6 18. Qxg7 Nh6 19. Nd4 Qa6 20. Bc1 Bxh2+ 21. Kxh2 Qxf1 22. Qxh6 Rhg8 23. Qh3+ Kb8 24. Nd2 Qxf2 25. Ne4 Qf1 26. Ng3 Qf6 27. Nh5 Qa6 28. a4 Nc4 29. Bf4+ Nd6 30. Nb5 Rg6 31. Rd1 Qxa4 32. Rxd6 Rdxd6 33. Bxd6+ Rxd6 34. Nxd6 a5 1-0

[Event "44th Chess Olympiad Open 2022"]
[Site "Chennai"]
[Date "2022.08.08"]
[Round "10.59"]
[White "Parsons, Justin"]
[Black "Junior, Domingos"]
[Result "1/2-1/2"]
[WhiteElo "1749"]
[BlackElo "2107"]
[Annotator "NA RC"]
[PlyCount "87"]
[EventDate "2022.??.??"]
[TimeControl "60"]

1. d4 Nf6 2. c4 e6 3. Nf3 b6 4. g3 Ba6 5. Qc2 Bb4+ 6. Bd2 Be7 7. Bg2 O-O 8.
O-O Bb7 9. Nc3 Na6 10. Rfd1 c5 11. e3 Rc8 12. Nb5 cxd4 13. exd4 Ra8 14. Bf4 d6 15. Rac1 Qd7 16. Qe2 Rfc8 17. Bh3 Bxf3 18. Qxf3 d5 19. b3 Nb4 20. Nc3 Qc6 21. a3 dxc4 22. Bg2 Qxf3 23. Bxf3 Nd3 24. Bxa8 Rxa8 25. Rb1 Nxf4 26. gxf4 cxb3 27. Rxb3 Bd6 28. f5 exf5 29. Nb5 Bf4 30. d5 Nd7 31. Nd4 g6 32. Rf3 Bd6 33. Nb5 Bc5 34. Rc3 Kf8 35.
Kg2 a5 36. Re1 Rd8 37. Rd3 Nf6 38. d6 Ne4 39. f3 Nxd6 40. Red1 Ke7 41. Re1+ Kf6 42. Red1 Ke6 43. Re1+ Kf6 44. Red1 1/2-1/2

[Event "44th Chess Olympiad Open 2022"]
[Site "Chennai"]
[Date "2022.08.08"]
[Round "10.60"]
[White "Ahmad, Al Khatib"]
[Black "Amini, Habibullah"]
[Result "0-1"]
[WhiteElo "2244"]
[BlackElo "2035"]
[Annotator "NA RC"]
[PlyCount "120"]
[EventDate "2022.??.??"]
[TimeControl "60"]

1. e4 d6 2. d4 Nf6 3. Nc3 g6 4. Be3 c6 5. h3 Nbd7 6. f4 Nb6 7. Bd3 d5 8. e5 Nh5 9. Qf3 Ng7 10. Nge2 h5 11. O-O-O h4 12. g4 hxg3 13. Nxg3 Nf5 14. Nxf5 gxf5 15. h4 Be6 16. h5 Bh6 17. b3 Nc8 18. Qh3 b5 19. Bxf5 Bxf5 20. Qxf5 e6 21. Qd3 Ne7 22. Ne2 Nf5 23. Rdg1 a5 24. Bd2 Qb6 25. Ng3 Qxd4 26. Qxd4 Nxd4 27. Kd1 Nf3 28. Rf1 Nxd2 29. Kxd2 Rg8 30. Ne2 Kd7 31. Rhg1 c5 32. Ke3 Rh8 33. Kf3 b4 34. c4 bxc3 35. Nxc3 Rab8 36. Na4 Rhc8 37. Rc1 c4 38. Rgd1 Rb4 39. f5 Bxc1 40. Rxc1 cxb3 41. fxe6+ fxe6 42. Rxc8 Kxc8 43. axb3 Rxb3+ 44. Kg2 Kd8 45. h6 Ke7 46. Nc5 Rb8 47. Nd3 a4 48. h7 Rh8 49. Kf2 a3 50. Nb4 Rxh7 51. Ke3 Rh2 52. Nc6+ Ke8 53. Nd4 Kf7 54. Kd3 a2 55. Nf3 Rh5 56. Ke3 a1=Q 57. Kf4 Rf5+ 58. Kg4 Qd1 59. Kh4 Qh1+ 60. Kg3 Rxf3+ 0-1

[Event "44th Chess Olympiad Open 2022"]
[Site "Chennai"]
[Date "2022.08.08"]
[Round "10.60"]
[White "Ibrahim Alwahsh"]
[Black "Sulaiman, Ahmad Ashrafi"]
[Result "1/2-1/2"]
[WhiteElo "2058"]
[BlackElo "1953"]
[Annotator "NA RC"]
[PlyCount "86"]
[EventDate "2022.??.??"]
[TimeControl "60"]

1. Nf3 d5 2. g3 Nf6 3. Bg2 c6 4. O-O Bf5 5. b3 h6 6. Bb2 e6 7. d3 Nbd7 8. Nbd2 Be7 9. e4 dxe4 10. dxe4 Bh7 11. Qe2 O-O 12. Kh1 Qc7 13. Nh4 Ne8 14. f4 Bf6 15. e5 Be7 16. Ne4 Nc5 17. Nxc5 Bxc5 18. f5 exf5 19. Nxf5 Bxf5 20. Rxf5 Qe7 21. Raf1 Nc7 22. Qc4 Rad8 23. h4 Nd5 24. Bd4 Bxd4 25. Qxd4 b6 26. R1f2 c5 27. Qe4 b5 28. a3 a5 29. Bf1 Nc3 30. Qe1 b4 31. axb4 axb4 32. Bd3 Rd5 33.
e6 Rxf5 34. Bxf5 Kh8 35. Bd3 fxe6 36. Rxf8+ Qxf8 37. Qxe6 Nd1 38. Bf5 Ne3 39. Be4 Qf1+ 40. Kh2 Qf2+ 41. Kh3 Qf1+ 42. Kh2 Qf2+ 43. Kh3 Qf1+ 1/2-1/2

[Event "44th Chess Olympiad Open 2022"]
[Site "Chennai"]
[Date "2022.08.08"]
[Round "10.60"]
[White "Mirzaad, S.wahabuddin"]
[Black "Mansour, Sameer"]
[Result "0-1"]
[WhiteElo "1999"]
[BlackElo "2275"]
[Annotator "RC"]
[PlyCount "174"]
[EventDate "2022.??.??"]
[TimeControl "60"]

1. d4 Nf6 2. Bf4 g6 3. Nc3 Bg7 4. e4 d6 5. Qd2 O-O 6. O-O-O c6 7. Bh6 b5 8. Bxg7 Kxg7 9. f3 Qa5 10. Kb1 b4 11. Nce2 c5 12. g4 cxd4 13.
Nxd4 Bd7 14. h4 h5 15. Qg5 Qxg5 16. hxg5 Nh7 17. gxh5 Nxg5 18. Rd2 Nc6 19. Nxc6 Bxc6 20. Rg2 Ne6 21. hxg6 fxg6 22. Bc4 Nf4 23. Rg4 Bd7 24. Rgh4 Nh5 25. Bd3 Rf4 26. Rxf4 Nxf4 27. Ne2 Rf8 28. Nxf4 Rxf4 29. Be2 g5 30. Kc1 g4 31. Kd2 gxf3 32. Ke3 Rf8 33. Bxf3 Rc8 34. Kd2 Be6 35. Be2 Rc5 36. Ra1 Kf6 37. a3 b3 38. cxb3 Bxb3 39. Bd3 Ke5 40.
Rh1 Kd4 41. Rh2 Rg5 42. Be2 Rg3 43. Rh7 Rg2 44. Ke1 Bg8 45.
Rh3 Bc4 46. Bxc4 Kxc4 47. Rh7 e5 48. Rxa7 Rxb2 49. Ra6 Kc5 50.
Kd1 Rf2 51. Kc1 Re2 52. Ra4 Kb5 53. Rb4+ Kc5 54. Ra4 Ra2 55. Ra6 Re2 56. Ra4 Kb5 57. Rb4+ Kc6 58. Rc4+ Kb5 59. Rb4+ Kc5 60. Ra4 Ra2 61. Ra6 Kd4 62. Rxd6+ Kxe4 63. Ra6 Kd3 64. Kb1 Rf2 65. Ra8 e4 66. Rd8+ Kc3 67. Rc8+ Kd4 68. Rd8+ Ke5 69. Re8+ Kf4 70. a4 Rd2 71. Rf8+ Kg3 72. Rg8+ Kf2 73. Rf8+ Ke2 74. a5 Rd6 75. Ra8 Kd2 76. a6 e3 77. a7 Rd7 78. Rb8 Rxa7 79. Rd8+ Ke2 80. Kc2 Rc7+ 81. Kb2 Kf2 82. Rf8+ Ke1 83. Rf6 e2 84. Rf8 Rc5 85. Rf7 Kd2 86. Rd7+ Ke3 87. Re7+ Kd3 0-1

[Event "44th Chess Olympiad Open 2022"]
[Site "Chennai"]
[Date "2022.08.08"]
[Round "10.60"]
[White "Sakhawaty, Sepehr"]
[Black "Aboudi, Marwan"]
[Result "0-1"]
[WhiteElo "1809"]
[BlackElo "2144"]
[Annotator "NA RC"]
[PlyCount "87"]
[EventDate "2022.??.??"]
[TimeControl "60"]

1. e4 c5 2. Nf3 Nc6 3. Bb5 g6 4. Bxc6 dxc6 5. d3 Bg7 6.
Nc3 Nf6 7. Be3 b6 8. h3 Nd7 9. Qd2 h6 10. a4 a5 11. Nh2 e5 12. O-O Nf8 13.
Ne2 Ne6 14. Rad1 Nd4 15. c3 Nxe2+ 16. Qxe2 O-O 17. Qd2 Kh7 18. d4 cxd4 19. cxd4 b5 20. dxe5 Qxd2 21. Rxd2 Bxe5 22. f4 Bf6 23. Rc1 Ra6 24. b3 Be6 25. Rd6 b4 26. Nf3 Rc8 27. g4 Be7 28.
Rd3 f5 29. exf5 gxf5 30. g5 c5 31. Ne5 hxg5 32. fxg5 Raa8 33. h4 Rd8 34. Rxd8 Rxd8 35. Rb1 Rd5 36. Nc6 Rd3 37. Kf2 Bd6 38.
Nxa5 f4 39. Bc1 Rh3 40. Nb7 Be5 41. Ke1 Bf5 42. Rb2 Rh1+ 43.
Kf2 Bxb2 44. Bxf4 0-1

[Event "44th Chess Olympiad Open 2022"]
[Site "Chennai"]
[Date "2022.08.08"]
[Round "10.61"]
[White "Tagelsir, Abubaker"]
[Black "Yan, Austin K"]
[Result "1/2-1/2"]
[WhiteElo "2232"]
[BlackElo "1568"]
[Annotator "RC"]
[PlyCount "105"]
[EventDate "2022.??.??"]
[TimeControl "60"]

1. e4 c5 2. Nc3 d6 3. f4 g6 4. Nf3 Bg7 5. Bb5+ Bd7 6. Bc4 Nc6 7. d3 e6 8. Be3 Nd4 9. a3 Ne7 10. Ba2 O-O 11. O-O Nec6 12. Kh1 b5 13. Qd2 a5 14. Rae1 b4 15. Nd1 b3 16. cxb3 Rb8 17. Qf2 Nxf3 18. Qxf3 Nd4 19. Qf2 Nxb3 20. f5 exf5 21. Bf4 fxe4 22. Bxd6 exd3 23. Bxb3 Rxb3 24. Bxc5 Bg4 25. Bxf8 Qxf8 26. Re4 Be2 27. Rg1 h5 28. Qe3 Qd6 29. Re8+ Kh7 30. Qe7 Qxe7 31. Rxe7 Bd4 32. Re1 Bxb2 33. Nxb2 Rxb2 34. Rxf7+ Kh6 35. Rf2 Ra2 36. h3 Rxa3 37. Rfxe2 dxe2 38. Rxe2 Ra1+ 39. Kh2 h4 40. Re4 Kh5 41. Re5+ Kh6 42. Re4 g5 43. Re6+ Kg7 44. Re2 a4 45. g3 a3 46. gxh4 gxh4 47. Kg2 Kf6 48. Re4 Kg5 49. Rg4+ Kh5 50. Ra4 Kg5 51. Rg4+ Kh5 52. Ra4 Ra2+ 53. Kf3 1/2-1/2

[Event "44th Chess Olympiad Open 2022"]
[Site "Chennai"]
[Date "2022.08.08"]
[Round "10.61"]
[White "Liu, Yeh Yang"]
[Black "Hamid Mohammed"]
[Result "1-0"]
[WhiteElo "1994"]
[BlackElo "2116"]
[Annotator "NA RC"]
[PlyCount "127"]
[EventDate "2022.??.??"]
[TimeControl "60"]

1. e4 c6 2. d4 d5 3. Nc3 dxe4 4. Nxe4 Nf6 5. Nxf6+ exf6 6. Be3 Be6 7. Bd3 Bd6 8. Ne2 Qc7 9. Qd2 Nd7 10. Bf4 O-O 11. O-O g6 12. c4 Bxf4 13.
Nxf4 Nb6 14. b3 Kg7 15. Rfe1 Rae8 16. a4 Qd7 17. Be4 Bf5 18. Bf3 Bg4 19. a5 Nc8 20. Bxg4 Qxg4 21. a6 Rxe1+ 22. Rxe1 bxa6 23. h3 Qf5 24. d5 Rd8 25. Qe3 cxd5 26. Nxd5 Nb6 27. Nc7 Qe5 28. Qxe5 fxe5 29. c5 Nc8 30. Rxe5 Kf6 31. Re3 Ne7 32. Rf3+ Kg7 33. Nxa6 Rd1+ 34. Kh2 Nf5 35. Rc3 Kf6 36. c6 Rd8 37. b4 Rc8 38. b5 Nd6 39. Rb3 Ke5 40. Rb4 Kd5 41. f3 f5 42. Kg3 g5 43. h4 h6 44. Kf2 Ne8 45. Ke3 Nc7 46. Rd4+ Ke6 47. Nxc7+ Rxc7 48. h5 Rc8 49. Ra4 Rc7 50. Kd4 Kd6 51. Ra2 Re7 52. Kc4 g4 53. Rd2+ Kc7 54. Rd5 gxf3 55. gxf3 f4 56. Rf5 Kb6 57. Kd5 Re1 58. Kd6 Rd1+ 59. Rd5 Rc1 60. Kd7 Rc3 61. Rd6 a5 62. bxa6 Kxa6 63. Rd4 Rxf3 64. c7 1-0

[Event "44th Chess Olympiad Open 2022"]
[Site "Chennai"]
[Date "2022.08.08"]
[Round "10.61"]
[White "Abdelhakiem Abdellatief Nogda"]
[Black "Hsu, Hsuan-Ming"]
[Result "1/2-1/2"]
[WhiteElo "1960"]
[BlackElo "1900"]
[Annotator "NA RC"]
[PlyCount "184"]
[EventDate "2022.??.??"]
[TimeControl "60"]

1. e4 e5 2. Nf3 Nc6 3. Bb5 a6 4. Ba4 Nf6 5. O-O Be7 6. Re1 b5 7. Bb3 O-O 8. c3 d5 9. d4 Nxe4 10. dxe5 Be6 11. Be3 Na5 12. Nbd2 Nxb3 13. axb3 Nxd2 14. Qxd2 c5 15. h3 a5 16. Qc2 b4 17. Rad1 Qc8 18. Kh2 Rb8 19. Ra1 Bf5 20. Qd1 Qd8 21. Bf4 Be6 22. Qc2 Qb6 23. Nd2 bxc3 24. bxc3 d4 25. c4 Rfd8 26. Qd3 Qb4 27. Rec1 Ra8 28. Ra4 Qb6 29. Qg3 Bd7 30. Raa1 a4 31. bxa4 Bxa4 32. Rab1 Qg6 33. Qxg6 hxg6 34. Rb7 Kf8 35. Rcb1 Bc6 36. Rc7 Rdc8 37. Rxc8+ Rxc8 38. Rb6 g5 39. Bg3 Ke8 40. Kg1 Kd7 41. Ra6 Ra8 42. Rxa8 Bxa8 43. Kf1 Bc6 44. f3 Ba4 45. Ke2 Bc2 46. Nf1 Bd8 47. Kd2 Bg6 48. Kd1 Bd3 49. Nd2 Ba5 50. Ne4 Bxe4 51. fxe4 Ke6 52. Kc2 Bc7 53. Kd3 Bxe5 54. Be1 g4 55. hxg4 Bc7 56. Ke2 Bd6 57. Kf3 Kf6 58. Bd2 Ke6 59. Be1 Kd7 60. Ke2 Bf4 61. Kd3 Kc6 62. Ba5 Kd7 63. Bb6 Bd6 64. Ba5 Ke6 65. Be1 Bf4 66. Ba5 Kf6 67. Bd8+ Ke6 68. Bb6 Bd6 69. Ba5 Kf6 70. Bd2 Bg3 71. Ke2 Kg6 72. Kf3 Bc7 73. Ke2 Kf6 74. Kf3 g6 75. Be1 Ke6 76. Ke2 f5 77. gxf5+ gxf5 78. exf5+ Kxf5 79. Kf3 Bf4 80. Ba5 Bc1 81. g4+ Kg6 82. Bb6 Ba3 83. Bd8 Bb4 84. Ke4 Ba3 85. Be7 Bb4 86. Kd3 Kf7 87. Bg5 Kg6 88. Bc1 Kf6 89. Ke4 Kg6 90. Kd3 Kf6 91. Ke4 Kg6 92. g5 Kf7 1/2-1/2

[Event "44th Chess Olympiad Open 2022"]
[Site "Chennai"]
[Date "2022.08.08"]
[Round "10.61"]
[White "Wu, Bing-Shen"]
[Black "Hassan, Tarek Ahmed"]
[Result "1-0"]
[WhiteElo "1660"]
[BlackElo "2209"]
[Annotator "NA RC"]
[PlyCount "75"]
[EventDate "2022.??.??"]
[TimeControl "60"]

1. c4 b6 2. Nc3 e6 3. e4 Bb7 4. Nge2 Nf6 5. d3 Be7 6. g3 d5 7. cxd5 exd5 8. Bg2 dxe4 9. O-O O-O 10. dxe4 Nc6 11. Nd5 Nxd5 12. exd5 Na5 13. Bf4 Bd6 14. Rc1 Ba6 15. Bxd6 Qxd6 16. Re1 Nb7 17. Nd4 Nc5 18. Rc3 Rae8 19. Rce3 Rxe3 20. Rxe3 g6 21. Nc6 Bb7 22. Ne7+ Kg7 23. h4 Nd7 24. Qg4 f5 25. Qd4+ Qf6 26. Qf4 Qd6 27. Qd4+ Nf6 28. Re6 Qd8 29. h5 Rf7 30. Qe5 a5 31. hxg6 hxg6 32. a3 a4 33. g4 Bc8 34. Nxc8 Kh6 35. gxf5 gxf5 36. Ne7 Kh7 37. Rxf6 Rxe7 38. Qxf5+ 1-0

[Event "44th Chess Olympiad Open 2022"]
[Site "Chennai"]
[Date "2022.08.08"]
[Round "10.62"]
[White "Isaakidis, Alexandros"]
[Black "Ali Abdullahi, Farah"]
[Result "1-0"]
[WhiteElo "2165"]
[BlackElo "1892"]
[Annotator "NA RC"]
[PlyCount "55"]
[EventDate "2022.??.??"]
[TimeControl "60"]

1. e4 b6 2. d4 e6 3. Nf3 Bb7 4. Bd3 Nf6 5. e5 Nd5 6. O-O c5 7. dxc5 Bxc5 8. a3 Be7 9. Be4 Qc8 10. Nd4 a6 11. Nf5 exf5 12. Bxd5 Bxd5 13. Qxd5 Qc6 14. Qd3 Qe6 15. Nc3 O-O 16. Nd5 Bd8 17. Re1 Nc6 18.
Nf4 Qe7 19. Bd2 Qc5 20. Bc3 Bc7 21. Nd5 Bd8 22. Rad1 Re8 23.
Qxf5 Ra7 24. Nf6+ Bxf6 25. exf6 Re6 26. Rxe6 dxe6 27. Qf3 g6 28. Qxc6 1-0

[Event "44th Chess Olympiad Open 2022"]
[Site "Chennai"]
[Date "2022.08.08"]
[Round "10.62"]
[White "Abdirahman Omar Sheikh"]
[Black "Michaelides, Konstantinos"]
[Result "0-1"]
[WhiteElo "2051"]
[BlackElo "2300"]
[Annotator "RC"]
[PlyCount "75"]
[EventDate "2022.??.??"]
[TimeControl "60"]

1. d4 Nf6 2. Bf4 e6 3. Nf3 c5 4. e3 d5 5. Bb5+ Bd7 6. Bxd7+ Nbxd7 7. O-O Be7 8. c4 cxd4 9. Qxd4 O-O 10. cxd5 Nxd5 11. Nc3 Bf6 12. Ne5 Nxf4 13. Qxd7 Bxe5 14. Qxd8 Rfxd8 15. exf4 Bxf4 16. Rfd1 Be5 17. Rxd8+ Rxd8 18. Rd1 Rxd1+ 19. Nxd1 Bd4 20. Kf1 e5 21. Ke2 Kf8 22. Kd3 Ke7 23. Kc4 Kd6 24. Kd3 Kd5 25. Kd2 f5 26. Kd3 a5 27. Ke2 a4 28. h3 Kc4 29. Kd2 e4 30. Ke2 f4 31. Kd2 g5 32. g4 fxg3 33. fxg3 h5 34. Ke2 Kd5 35. Kd2 Ke5 36. Ke2 h4 37. gxh4 gxh4 38. a3 0-1

[Event "44th Chess Olympiad Open 2022"]
[Site "Chennai"]
[Date "2022.08.08"]
[Round "10.62"]
[White "Abdulkadir Mohamed Warsame"]
[Black "Florentiades, Michalis"]
[Result "0-1"]
[WhiteElo "1820"]
[BlackElo "1974"]
[Annotator "NA RC"]
[PlyCount "94"]
[EventDate "2022.??.??"]
[TimeControl "60"]

1. c4 f5 2. Nc3 Nf6 3. Nf3 d6 4. d4 e6 5. g3 Be7 6. Bg2 O-O 7. O-O Ne4 8. Qc2 Nxc3 9. bxc3 Nc6 10. d5 Na5 11. Qa4 b6 12. Rd1 Bd7 13.
Qc2 e5 14. Nd2 Qe8 15. a4 Nb7 16. Qa2 a5 17. Nb3 Rb8 18. Re1 Bf6 19. Bd2 g5 20. e4 f4 21. gxf4 gxf4 22. Kh1 Bh4 23. Bf3 Bxf2 24. Re2 Bh4 25. Rg2+ Kh8 26. Rag1 Bf6 27. Bg4 Bxg4 28. Rxg4 Qf7 29. Be1 Rg8 30. Qg2 Rxg4 31. Qxg4 Rg8 32. Qxg8+ Qxg8 33. Rxg8+ Kxg8 34. Kg2 Kg7 35. Kf3 Kg6 36. Bf2 Kh5 37. Nc1 Bh4 38. Bg1 Nd8 39. Nd3 Nf7 40. Nxf4+ exf4 41. Kxf4 Kg6 42. Bd4 Bf6 43. h3 Ne5 44. h4 h5 45. c5 bxc5 46. Be3 Bxh4 47. Bxc5 Nd3+ 0-1